 Dungeon Crawl Stone Soup version 0.30-a0-140-gd1020e658a (webtiles) character file.

Game seed: 7371055570805916786

8 Bnni the Trooper (level 2, 24/24 HPs)
             Began as a Demonspawn Fighter on Sept 24, 2022.
             Quit the game on level 1 of the Dungeon.
             The game lasted 00:00:37 (386 turns).

Bnni the Trooper (Demonspawn Fighter)                Turns: 386, Time: 00:00:38

Health: 24/24      AC:  6    Str: 16    XL:     2   Next: 0%
Magic:  2/2        EV:  8    Int:  9    God:
Gold:   12         SH:  4    Dex: 12    Spells: 1/1 levels left

rFire   . . .      SeeInvis .    f - +0 whip
rCold   . . .      Faith    .    c - +0 buckler
rNeg    . . .      Spirit   .    b - +0 scale mail
rPois   .          Reflect  .    (no helmet)
rElec   .          Harm     .    (no cloak)
rCorr   .          Rampage  .    (no gloves)
Will    .....                    (no boots)
Stlth   ..........               (no amulet)
HPRegen 0.08/turn                (no ring)
MPRegen 0.08/turn                (no ring)

@: no status effects
A: demonic touch 1
a: no special abilities


You were on level 1 of the Dungeon.
You visited 1 branch of the dungeon, and saw 1 of its levels.

You collected 12 gold pieces.

Inventory:

Hand Weapons
 a - a +0 flail
 f - a +0 whip (weapon)
Armour
 b - a +0 scale mail (worn)
 c - a +0 buckler (worn)
Scrolls
 g - a scroll of summoning {unknown}
Potions
 d - a potion of might
 e - a potion of brilliance {unknown}


   Skills:
 + Level 3.2 Fighting
 * Level 2.2 Maces & Flails
 - Level 2.6 Armour
 - Level 2.6 Shields


You had one spell level left.
You didn't know any spells.
Your spell library was empty.

Dungeon Overview and Level Annotations

Branches:
Dungeon (1/15)

Altars:


Innate Abilities, Weirdness & Mutations

Your touch may inflict minor irresistible damage on your foes.


Message History

The hobgoblin hits you but does no damage.
The kobold closely misses you.
You sock the kobold!
You kill the kobold!
You block the hobgoblin's attack. The hobgoblin hits you.
* * * LOW HITPOINT WARNING * * *
You hit the hobgoblin.
You kill the hobgoblin!
You start resting.
HP restored.
Found a scroll labelled GOHABB LOEC.
e - a bubbling silvery potion
Things that are here:
a +0 short sword; 2 stones; a hobgoblin skeleton
Press: ? - help, v - describe, . - travel, g - get item Item here: a +0 whip.
The floor.
You see here a +0 whip.
f - a +0 whip
f - a +0 whip (weapon)
Key pressed, stopping explore.
Found a short sword.
You now have 12 gold pieces.
g - a scroll labelled GOHABB LOEC
Found a stone staircase leading down.
A dart slug and a bat come into view.
Found a ring mail.
The bat moves out of view.
A dart slug is nearby!
Found 12 gold pieces.
The bat hits you but does no damage.
You hit the bat.
You kill the bat!
The dart slug launches a dart at you. The slug dart misses you.
You have reached level 2!
You feel monstrous as your demonic heritage exerts itself.
Your demonic ancestry asserts itself...
Your hands begin to faintly glow with unholy energy.
A goblin comes into view. It is wielding a +0 club.
The goblin shouts!
Are you sure you want to abandon this character and quit the game? (Confirm with "yes".)

8#..#......♣♣ ###
.#..#.......♣ #...
.#..#.......♣# ##..#
..÷.).......)# ...
............####.# .
.................# .g.
................####..#
...[♣♣♣♣#######......#
..♣♣♣ #.......@....#
♣♣♣ #............#
#............#
.$.........w..#
.............[..
.............##.
.............#
.^...........


You could see a dart slug and a goblin.

Vanquished Creatures
  An endoplasm (D:1)
  A hobgoblin (D:1)
  2 kobolds (D:1)
  3 bats (D:1)
  A rat (D:1)
8 creatures vanquished.

Notes
Turn   | Place    | Note
-------+----------+-------------------------------------------
     0 | D:1      | Bnni the Demonspawn Fighter began the quest for the Orb.
     0 | D:1      | Reached XP level 1. HP: 18/18 MP: 1/1
   385 | D:1      | Discovered your monstrous ancestry.
   385 | D:1      | Gained mutation: Your touch may inflict minor irresistible
                  | damage on your foes. [demonic ancestry]
   385 | D:1      | Reached XP level 2. HP: 24/24 MP: 2/2
   386 | D:1      | Quit the game

Illustrated notes

Levels and vault maps discovered:
D:1:      sevenhm_arrival_forest_fort_large_4, layout_rooms,
          minmay_close_crescents

Skill      XL: |  1 |
---------------+----+-----
Maces & Flails | 2 |  2.2
Fighting       | |  3.2
Armour         | |  2.6
Shields        | |  2.6

Action                   || total
-------------------------++-------
Melee: Flail             ||    34
       Whip              ||     1
Armor: Scale mail        ||    32
Dodge: Dodged            ||    18
Block: Buckler           ||    11

Table legend: (Time is in decaauts)
 A = Elapsed time spent in this place.
 B = Non-inter-level travel time spent in this place.
 C = Inter-level travel time spent in this place.
 D = Time resting spent in this place.
 E = Time spent auto-exploring this place.
 F = Levels seen in this place.
 G = Mean time per level.
                   A        B        C        D        E       F      G
               +--------+--------+--------+--------+--------+-----+--------+
         Total |    397 |    397 |      0 |    253 |     79 |   1 |  397.0 |
       Dungeon |    397 |    397 |      0 |    253 |     79 |   1 |  397.0 |
               +--------+--------+--------+--------+--------+-----+--------+

Top non-repeatable levels by time:
     D:1: 397 daAuts
